 Dungeon Sprint DCSS version 0.20.1-1-g8b1a95d (console) character file.

543 hilaritas the Fighter (level 7, -4/66 HPs)
             Began as a Barachi Fighter on Mar 6, 2018.
             Was a Priest of the Shining One.
             Slain by a white ugly thing (33 damage)
             ... in the Dungeon (Sprint IX: "|||||||||||||||||||||||||||||").
             The game lasted 00:01:56 (247 turns).

hilaritas the Fighter (Barachi Fighter)              Turns: 247, Time: 00:01:56

Health: -4/66      AC: 12    Str: 20    XL:     7   Next: 27%
Magic:  3/10       EV:  8    Int: 11    God:    the Shining One [***...]
Gold:   0          SH: 11    Dex: 11    Spells: 6/6 levels left

rFire    . . .     SeeInvis .   q - +2 scimitar (flame)
rCold    . . .     Gourm    .   c - +0 shield
rNeg     + . .     Faith    .   s - +1 scale mail
rPois    .         Spirit   .   (no helmet)
rElec    .         Reflect  .   r - +0 cloak
rCorr    .         Harm     .   l - +0 pair of gloves
MR       .....     NoTele   +   (no boots)
Stlth    ..........             (no amulet)
Regen    0.3/turn               b - +2 ring of protection
MPRegen  0.2/turn               t - +3 ring of intelligence

@: glowing, slow
A: +LOS, swims, slowness 1, strong legs 1
a: Hop, Divine Shield, Renounce Religion


You were in the Dungeon.
You worshipped the Shining One.
The Shining One was most pleased with you.
You were not hungry.

You visited 1 branch

Inventory:

Hand Weapons
 a - a +0 long sword
 q - a +2 scimitar of flaming (weapon)
Armour
 c - a +0 shield (worn)
 l - a +0 pair of gloves (worn)
 r - a +0 cloak (worn)
 s - a +1 scale mail (worn)
Jewellery
 b - a +2 ring of protection (left hand)
 t - a +3 ring of intelligence (right hand)
Wands
 p - a wand of lightning (7/15)
Scrolls
 k - 2 scrolls of blinking
 n - 3 scrolls of remove curse
 o - 2 scrolls of amnesia
Potions
 d - a potion of might
 e - 5 potions of curing
 g - 3 potions of heal wounds
 h - a potion of haste
 i - 4 potions of magic
 j - a potion of berserk rage
Comestibles
 f - a bread ration
 m - 6 chunks of flesh


   Skills:
 - Level 10.2 Fighting
 - Level 10.1 Long Blades
 + Level 3.6 Armour
 + Level 9.6 Shields
 * Level 5.0 Invocations


You had 6 spell levels left.
You didn't know any spells.

Dungeon Overview and Level Annotations

Branches:
Dungeon (1/1)

Altars:
Cheibriados
Dithmenos
Elyvilon
Fedhas
Gozag
Hepliaklqana
Kikubaaqudgha
Makhleb
Nemelex Xobeh
Okawaru
Qazlal
Ru
Sif Muna
Trog
Uskayaw
Vehumet
Xom
Yredelemnul
Zin
The Shining One
Beogh
Jiyva
Lugonu


Innate Abilities, Weirdness & Mutations

Shadows flee at your approach. (+LOS)
You can swim through water.
You cover ground slowly.
You can hop short distances.


Message History

Your attack speed is above average (and is slowed by your insufficient shield skill).
Your base attributes are Str 20, Int 8, Dex 11.
Unknown command.
You open the door.
You can now call upon the Shining One for a divine shield.
An eye of draining, a scorpion, an ugly thing, a deep elf mage, a two-headed ogre and an efreet come into view.
The efreet is wielding a scimitar of flaming.
The white ugly thing gurgles horribly!
The deep elf mage shouts!
The two-headed ogre shouts in stereo!
The eye of draining turns its gaze towards you.
You barely miss the white ugly thing.
The deep elf mage casts a spell.
The eye of draining gazes at you.
You feel your power leaking away. The white ugly thing engulfs you.
The white ugly thing freezes you!!
Unknown command.
You slash the white ugly thing! You burn the white ugly thing.
The white ugly thing is moderately wounded.
The white ugly thing engulfs you! The white ugly thing freezes you!!
Ouch! That really hurt!
You die... ▓▓▓▓▓▓▓▓▓▓▓▓▓▓▓▓▓▓▓▓▓▓▓▓▓ '!.|)..[..).....@uEeOsRG+ ▓▓▓▓▓▓▓▓▓▓▓▓▓▓▓▓▓▓▓▓▓▓▓▓▓

You could see a white ugly thing, a two-headed ogre, a deep elf mage, an eye of draining, an efreet, a fire elemental and a scorpion.

Vanquished Creatures
  A troll (D)
  A yak (D)
  A big kobold (D)
  2 hounds (D)
  2 iguanas (D)
  2 adders (D)
  2 goblins (D)
  A hobgoblin (D)
  2 giant cockroach zombies (D)
  A kobold (D)
  A rat (D)
16 creatures vanquished.

Notes
Turn   | Place    | Note
-------+----------+-------------------------------------------
     0 | D        | hilaritas the Barachi Fighter began the quest for the Orb.
     0 | D        | Reached XP level 1. HP: 18/18 MP: 1/1
    84 | D        | Noticed an iguana
    84 | D        | Noticed a hound
    91 | D        | Reached skill level 5 in Fighting
    91 | D        | Reached XP level 2. HP: 27/27 MP: 2/2
   101 | D        | Reached XP level 3. HP: 32/33 MP: 3/3
   106 | D        | Reached skill level 5 in Long Blades
   106 | D        | Reached skill level 5 in Shields
   110 | D        | Reached XP level 4. HP: 41/41 MP: 4/4
   119 | D        | Found a roughly hewn altar of Beogh.
   119 | D        | Found a snail-covered altar of Cheibriados.
   119 | D        | Found a shadowy altar of Dithmenos.
   119 | D        | Found a white marble altar of Elyvilon.
   119 | D        | Found a blossoming altar of Fedhas.
   119 | D        | Found an opulent altar of Gozag.
   119 | D        | Found a hazy altar of Hepliaklqana.
   120 | D        | Found a viscous altar of Jiyva.
   121 | D        | Found an ancient bone altar of Kikubaaqudgha.
   122 | D        | Found a corrupted altar of Lugonu.
   123 | D        | Found a burning altar of Makhleb.
   124 | D        | Found a sparkling altar of Nemelex Xobeh.
   125 | D        | Found an iron altar of Okawaru.
   126 | D        | Found a stormy altar of Qazlal.
   127 | D        | Found a sacrificial altar of Ru.
   128 | D        | Found a deep blue altar of Sif Muna.
   129 | D        | Found a bloodstained altar of Trog.
   130 | D        | Found a hide-covered altar of Uskayaw.
   131 | D        | Found a radiant altar of Vehumet.
   133 | D        | Found a shimmering altar of Xom.
   134 | D        | Found a basalt altar of Yredelemnul.
   135 | D        | Found a glowing silver altar of Zin.
   136 | D        | Found a glowing golden altar of the Shining One.
   145 | D        | Became a worshipper of the Shining One
   191 | D        | Noticed a big kobold
   191 | D        | Noticed a yak
   191 | D        | Reached * piety under the Shining One
   191 | D        | Noticed a troll
   192 | D        | Reached skill level 1 in Invocations
   194 | D        | Killed a big kobold
   194 | D        | Reached XP level 5. HP: 48/48 MP: 4/6
   200 | D        | Killed a yak
   200 | D        | Reached skill level 10 in Long Blades
   200 | D        | Reached XP level 6. HP: 54/56 MP: 4/8
   205 | D        | Killed a troll
   205 | D        | Reached skill level 10 in Fighting
   205 | D        | Reached skill level 5 in Invocations
   205 | D        | Reached XP level 7. HP: 64/66 MP: 5/10
   245 | D        | Noticed a white ugly thing
   245 | D        | Reached ** piety under the Shining One
   245 | D        | Noticed a deep elf mage
   245 | D        | Noticed a two-headed ogre
   245 | D        | Noticed an efreet
   245 | D        | Reached *** piety under the Shining One
   247 | D        | Noticed a fire elemental
   247 | D        | Slain by a white ugly thing

Skill      XL: |  1  2  3  4  5  6 |
---------------+-------------------+-----
Fighting       | 5 6 7 8 10 | 10.2
Long Blades    | 4 6 8 10 | 10.1
Shields        | 4 6 7 8 9 |  9.6
Invocations    | 2 3 5 |  5.0
Armour         | |  3.6

Action                   |  1- 3 |  4- 6 |  7- 9 || total
-------------------------+-------+-------+-------++-------
Melee: Long sword        |    39 |       |       ||    39
       Scimitar          |       |    13 |     4 ||    17
Armor: Scale mail        |    12 |     4 |       ||    16
Dodge: Dodged            |    11 |     2 |       ||    13
Block: Shield            |    21 |     5 |       ||    26
       Rpst.: Long sword |     3 |       |       ||     3
       Scimitar          |       |     1 |       ||     1
